 Dungeon Crawl Stone Soup version 0.20.0-14-g326068f (webtiles) character file.

15046 RudyRod the Carver (level 12, -9/94 HPs)
             Began as a Formicid Fighter on June 8, 2017.
             Was a High Priest of Okawaru.
             Mangled by an ogre
             ... wielding a +0 giant spiked club
              (12 damage)
             ... on level 14 of the Dungeon.
             The game lasted 00:59:51 (13132 turns).

RudyRod the Carver (Formicid Fighter)              Turns: 13132, Time: 00:59:53

Health: -9/94      AC: 18    Str: 25    XL:     12   Next: 52%
Magic:  15/15      EV: 14    Int:  8    God:    Okawaru [*****.]
Gold:   1117       SH: 12    Dex: 14    Spells: 11/11 levels left

rFire    + . .     SeeInvis +   K - +0 great sword (protect)
rCold    . . .     Gourm    +   c - +0 shield
rNeg     + . .     Faith    .   i - +4 scale mail
rPois    .         Spirit   .   (helmet unavailable)
rElec    .         Reflect  .   (no cloak)
rCorr    .         Harm     .   L - +2 pair of gloves {Str+3}
MR       +....                  G - +0 pair of boots
Stlth    +++.......             n - amulet of the gourmand
Regen    0.3/turn               s - ring of protection from fire
MPRegen  0.2/turn               r - ring of positive energy

@: no status effects
A: permanent stasis, dig shafts and tunnels, four strong arms, antennae 3, thin
metallic scales 1, blurry vision 1, evolution 1
a: Dig, Shaft Self, Heroism, Finesse, Renounce Religion


You were on level 14 of the Dungeon.
You worshipped Okawaru.
Okawaru was extremely pleased with you.
You were very full.

You visited 2 branches of the dungeon, and saw 14 of its levels.
You also visited: Bailey.

You collected 1117 gold pieces.

Inventory:

Hand Weapons
 A - a +2 scimitar of flaming
 K - a +0 great sword of protection (weapon)
Armour
 c - a +0 shield (worn)
 i - a +4 scale mail (worn)
 G - a +0 pair of boots (worn)
 L - a +2 pair of gloves of strength (worn)
Jewellery
 k - an uncursed ring of protection from fire
 n - an amulet of the gourmand (around neck)
 r - a ring of positive energy (right hand)
 s - a ring of protection from fire (left hand)
Wands
 d - a wand of flame (30/48)
 x - a wand of clouds (2/9)
 B - a wand of random effects (33/48)
 N - a wand of iceblast (6/15)
Scrolls
 b - 2 scrolls of immolation {unknown}
 g - 7 scrolls of identify
 j - 2 scrolls of enchant armour {unknown}
 l - a scroll of enchant weapon {unknown}
 m - 2 scrolls of random uselessness {unknown}
 o - a scroll of fear
 q - 3 scrolls of remove curse
 y - a scroll of magic mapping
 C - a scroll of fog {unknown}
 D - a scroll of silence {unknown}
Potions
 a - a potion of mutation {unknown}
 e - 3 potions of brilliance
 h - a potion of cancellation {unknown}
 p - a potion of lignification {unknown}
 v - a potion of haste
 E - a potion of degeneration {unknown}
 F - a potion of resistance {unknown}
 H - a potion of might
 J - a potion of agility
 M - a potion of magic {unknown}
Books
 z - a book of Callings

   Spells                             Type                      Level
   a - Summon Small Mammal            Summoning                    1
   b - Call Imp                       Summoning                    2
   c - Call Canine Familiar           Summoning                    3
   d - Summon Guardian Golem          Hexes/Summoning              3
   e - Summon Lightning Spire         Summoning/Air                4
   f - Summon Ice Beast               Ice/Summoning                4
Miscellaneous
 I - a sack of spiders
Comestibles
 f - 6 bread rations
 t - a royal jelly
 u - 4 meat rations
 w - 37 fruits


   Skills:
 * Level 8.9 Fighting
 + Level 10.4 Long Blades
   Level 0.4 Polearms
 + Level 7.5 Armour
 * Level 6.7 Dodging
 * Level 10.3 Stealth
 + Level 9.3 Shields
 + Level 0.5 Invocations
 + Level 4.0 Evocations


You had 11 spell levels left.
You didn't know any spells.

Dungeon Overview and Level Annotations

Branches:
Dungeon (11/15)            Temple (1/1) D:5            Lair (0/6) D:11
    Orc: D:9-12

Altars:
Ashenzari
Cheibriados
Dithmenos
Elyvilon
Fedhas
Gozag
Hepliaklqana
Kikubaaqudgha
Makhleb
Nemelex Xobeh
Okawaru
Qazlal
Ru
Sif Muna
Trog
Uskayaw
Vehumet
Xom
Yredelemnul
Zin
The Shining One

Shops:
D:6 }   D:10 =


Innate Abilities, Weirdness & Mutations

You cannot be hasted, slowed, berserked, paralysed or teleported.
You can dig through walls and to a lower floor.
Your four strong arms can wield two-handed weapons with a shield.
You have a pair of large antennae on your head. (SInv)
You are partially covered in thin metallic scales. (AC +2)
Scrolls take you a little longer to read.
You evolve.


Message History

The deep elf mage is almost dead.
The ogre barely misses you.
The deep elf mage gestures at you while chanting.
The bolt of lightning hits you!
* * * LOW HITPOINT WARNING * * *
You closely miss the deep elf mage.
The deep elf mage is almost dead.
The ogre barely misses you. The deep elf mage barely misses you.
You closely miss the deep elf mage.
The deep elf mage is almost dead.
The ogre misses you. You block the deep elf mage's attack.
Okay, then.
Okay, then.
You closely miss the deep elf mage.
The deep elf mage is almost dead.
The deep elf mage gestures at you while chanting.
The bolt of lightning hits you!
* * * LOW HITPOINT WARNING * * *
The ogre hits you with a giant spiked club!
You die...

### #.. ## #.# ......#
#.#
......###.#############.
....>............e......
................@O......
......###(#.######.####.
......# #(#.# #
......###)#'###
#.(..))..(# #(........#
#.........# #.........#
#.........#


You could see a deep elf mage and an ogre.

Vanquished Creatures
  Erica (D:9)
  2 centaur warriors (D:14)
  2 two-headed ogres
  A tengu warrior (D:14)
  An unseen horror (D:10)
  An ugly thing (D:11)
  A gargoyle (D:11)
  The ghost of Gorglomux the Sneak, a novice HaAE of Dithmenos (D:3)
  A tengu conjurer (D:10)
  2 trolls
  A hornet (D:9)
  A hippogriff (D:11)
  2 vampires
  11 yaks
  Sigmund (D:2)
  A wraith (D:8)
  Grum (D:8)
  5 sky beasts
  7 ice beasts
  2 necrophages
  6 orc warriors
  6 ogres
  2 black bears
  5 centaurs
  An eye of draining (D:10)
  A phantom (D:6)
  4 wolves (D:8)
  3 big kobolds
  6 bullfrogs
  A gnoll sergeant (D:5)
  An elf skeleton (D:8)
  5 scorpions
  5 killer bees (D:9)
  5 wights (D:10)
  6 howler monkeys
  4 crimson imps
  A centaur zombie (D:5)
  A bullfrog zombie (D:6)
  A quasit (D:9)
  6 hounds
  A jelly (D:6)
  4 human zombies (D:8)
  3 orc priests (D:4)
  6 orc wizards
  Jessica (D:2)
  7 iguanas
  A human skeleton (D:8)
  3 worker ants
  An ogre zombie (D:8)
  A hound zombie (D:5)
  3 mummies (D:8)
  3 gnolls (D:5)
  A worker ant zombie (D:6)
  14 adders
  A shadow imp (D:9)
  An ooze (D:3)
  2 adder skeletons
  2 adder zombies (D:8)
  A worm (D:2)
  A dart slug (D:2)
  A leopard gecko (D:10)
  30 orcs
  4 giant cockroaches
  13 goblins
  9 hobgoblins
  8 jackals
  20 kobolds
  6 quokkas
  3 ball pythons
  9 bats
  4 frilled lizards
  A leopard gecko skeleton (D:7)
  An orc zombie (D:8)
  A quokka skeleton (D:5)
  5 rats
287 creatures vanquished.

Vanquished Creatures (others)
  3 orc wizards
  A jackal (D:3)
4 creatures vanquished.

Grand Total: 291 creatures vanquished

Notes
Turn   | Place    | Note
-------+----------+-------------------------------------------
     0 | D:1      | RudyRod the Formicid Fighter began the quest for the Orb.
     0 | D:1      | Reached XP level 1. HP: 18/18 MP: 1/1
   374 | D:1      | Reached XP level 2. HP: 24/24 MP: 2/2
   407 | D:2      | Found an ancient bone altar of Kikubaaqudgha.
   495 | D:2      | Noticed Jessica
   503 | D:2      | Reached skill level 1 in Stealth
   509 | D:2      | Killed Jessica
   509 | D:2      | Reached XP level 3. HP: 25/29 MP: 3/3
   662 | D:2      | Reached skill level 1 in Dodging
   662 | D:2      | Reached XP level 4. HP: 35/35 MP: 4/4
   690 | D:2      | Noticed Sigmund
   695 | D:2      | Killed Sigmund
   695 | D:2      | Reached XP level 5. HP: 42/42 MP: 5/5
   695 | D:2      | Reached XP level 6. HP: 48/48 MP: 6/6
  1072 | D:3      | Reached skill level 5 in Shields
  1268 | D:3      | Noticed Gorglomux's ghost (novice HaAE)
  2001 | D:3      | Found a faded altar of an unknown god.
  2038 | D:3      | Found a sparkling altar of Nemelex Xobeh.
  2566 | D:4      | Reached XP level 7. HP: 53/53 MP: 7/7
  3315 | D:4      | Reached XP level 8. HP: 38/61 MP: 8/8
  3318 | D:4      | Gained mutation: Scrolls take you a little longer to read. [mutagenic meat]
  3319 | D:4      | Gained mutation: You are partially covered in thin metallic scales. (AC +2) [mutagenic meat]
  3696 | D:4      | Reached skill level 5 in Stealth
  4120 | D:5      | Entered Level 5 of the Dungeon
  4120 | D:5      | Found a bloodstained altar of Trog.
  4120 | D:5      | Found a stormy altar of Qazlal.
  4126 | D:5      | Found a blossoming altar of Fedhas.
  4129 | D:5      | Found a shimmering altar of Xom.
  4420 | D:5      | Reached skill level 5 in Fighting
  4420 | D:5      | Reached skill level 5 in Long Blades
  4617 | D:5      | Found a staircase to the Ecumenical Temple.
  4642 | Temple   | Entered the Ecumenical Temple
  4846 | Temple   | Became a worshipper of Warmaster Okawaru
  5265 | D:3      | Killed Gorglomux's ghost
  5265 | D:3      | Reached XP level 9. HP: 23/68 MP: 9/9
  5513 | D:5      | Found a deep blue altar of Sif Muna.
  5663 | D:6      | Reached skill level 5 in Armour
  5689 | D:6      | Reached * piety under Okawaru
  5705 | D:6      | Found an opulent altar of Gozag.
  5882 | D:6      | Found Igyeghig's Gadget Emporium.
  6863 | D:6      | Reached ** piety under Okawaru
  7382 | D:7      | Found a shattered altar of Ashenzari.
  7553 | D:7      | Reached XP level 10. HP: 75/76 MP: 10/10
  7943 | D:8      | Noticed Grum
  7948 | D:8      | Reached skill level 1 in Evocations
  7971 | D:8      | Killed Grum
  8945 | D:8      | Found a basalt altar of Yredelemnul.
  9034 | D:8      | Reached *** piety under Okawaru
  9084 | D:9      | Found a bloodstained altar of Trog.
  9641 | D:9      | Found a sacrificial altar of Ru.
  9994 | D:9      | Noticed a two-headed ogre
 10112 | D:9      | Noticed Erica
 10133 | D:9      | Killed Erica
 10133 | D:9      | Reached **** piety under Okawaru
 10133 | D:9      | Reached skill level 5 in Dodging
 10133 | D:9      | Reached XP level 11. HP: 65/84 MP: 13/13
 10397 | D:9      | Killed a two-headed ogre
 10572 | D:10     | Entered Level 10 of the Dungeon
 10599 | D:10     | Found a flagged portal.
 10607 | Bailey   | Entered a bailey
 10649 | Bailey   | Reached ***** piety under Okawaru
 10669 | Bailey   | Found a burning altar of Makhleb.
 11043 | D:10     | Found Vihikkuque's Jewellery Boutique.
 11323 | D:10     | Received a gift from Okawaru
 11368 | D:10     | Gained mutation: You evolve. [mutagenic meat]
 11608 | D:10     | Noticed an unseen horror
 11637 | D:10     | Killed an unseen horror
 12246 | D:11     | Found a staircase to the Lair.
 12277 | D:11     | Noticed a two-headed ogre
 12290 | D:11     | Killed a two-headed ogre
 12290 | D:11     | Reached skill level 10 in Long Blades
 12290 | D:11     | Reached XP level 12. HP: 83/93 MP: 12/15
 12730 | D:11     | Found a runed door.
 12787 | D:11     | Noticed a sixfirhy
 12794 | D:11     | You fall through a shaft!
 12797 | D:12     | You fall through a shaft for 2 floors!
 12797 | D:14     | Noticed a tengu warrior
 12989 | D:14     | Noticed a centaur warrior
 12991 | D:14     | Noticed a vault guard
 12991 | D:14     | Noticed a vault guard
 13001 | D:14     | Noticed a centaur warrior
 13022 | D:14     | Killed a centaur warrior
 13022 | D:14     | Reached skill level 10 in Stealth
 13031 | D:14     | Killed a centaur warrior
 13049 | D:14     | Killed a tengu warrior
 13057 | D:14     | Received a gift from Okawaru
 13132 | D:14     | HP: 3/94 [deep elf mage/bolt of lightning (16)]
 13132 | D:14     | Mangled by an ogre

Skill      XL: |  1  2  3  4  5  6  7  8  9 10 11 12 |
---------------+-------------------------------------+-----
Stealth        | 1 2 3 4 5 7 8 9 10 | 10.3
Shields        | 4 5 6 7 8 9 |  9.3
Dodging        | 1 2 3 4 5 6 |  6.7
Long Blades    | 3 4 5 7 9 10 | 10.4
Armour         | 4 5 6 7 |  7.5
Fighting       | 4 5 6 7 8 |  8.9
Evocations     | 3 4 |  4.0
Polearms       | |  0.4
Invocations    | |  0.5

Action                   |  1- 3 |  4- 6 |  7- 9 | 10-12 || total
-------------------------+-------+-------+-------+-------++-------
Melee: Long sword        |    55 |   128 |   539 |   453 ||  1175
       Scythe            |       |    27 |       |       ||    27
       Scimitar          |       |       |       |   340 ||   340
       Great sword       |       |       |       |    15 ||    15
Invok: Heroism           |       |       |     1 |     5 ||     6
 Abil: Dig               |       |       |       |     1 ||     1
       Shaft Self        |       |       |       |     2 ||     2
  Use: Potion            |     1 |     1 |     7 |     4 ||    13
       Scroll            |       |       |     9 |     2 ||    11
 Stab: Sleeping          |       |       |     5 |    13 ||    18
       Distracted        |       |       |       |     1 ||     1
  Eat: Chunk             |    16 |     6 |    20 |    20 ||    62
Armor: Scale mail        |    28 |    65 |   164 |   226 ||   483
Dodge: Dodged            |    22 |    53 |   161 |   333 ||   569
Block: Shield            |    35 |    91 |   254 |   472 ||   852
       Rpst.: Long sword |     8 |    13 |    41 |    52 ||   114
       Scimitar          |       |       |       |    31 ||    31
       Great sword       |       |       |       |     5 ||     5
